 Dungeon Crawl Stone Soup version 0.27.1-4-g1640c2035a (webtiles) character file.

Game seed: 8504457660219596851

4829 Fulminus the Magician (level 10, -1/73 HPs)
             Began as a Djinni Hedge Wizard on Nov 11, 2021.
             Was a Believer of Makhleb.
             Slain by a two-headed ogre (25 damage)
             ... on level 1 of the Orcish Mines.
             The game lasted 01:02:32 (15299 turns).

Fulminus the Magician (Djinni Hedge Wizard)        Turns: 15299, Time: 01:02:33

Health: -1/73      AC:  5    Str:  9    XL:     10   Next: 77%
Gold:   796        EV: 19    Int: 18    God:    Makhleb [**....] SH:  5 Dex: 16

rFire    + + .     SeeInvis .   w - +2 whip (freeze)
rCold    . . .     Faith    .   v - +0 buckler
rNeg     . . .     Spirit   .   O - +0 steam dragon scales
rPois    ∞         Reflect  .   c - +0 hat
rElec    .         Harm     .   (no cloak)
rCorr    .         Rampage  .   (no gloves)
Will     +....                  (boots unavailable)
Stlth    ++........             (no amulet)
HPRegen  0.22/turn              d - +4 ring of evasion
MPRegen  0.00/turn              y - ring "Zaideh" {rC+ Dex+2}

@: flying
A: sickness immunity, fire resistance 2, cold vulnerability 1, float, innate
caster, hp casting, extra vitality 1
a: Renounce Religion, Minor Destruction


You were on level 1 of the Orcish Mines.
You worshipped Makhleb.
Makhleb was pleased with you.
You visited 3 branches of the dungeon, and saw 12 of its levels.

You collected 796 gold pieces.

Inventory:

Hand Weapons
 e - a +0 scimitar
 q - a +1 whip of electrocution
 w - a +2 whip of freezing (weapon)
 C - a +0 falchion
 Q - a +2 dagger of venom
Armour
 c - a +0 hat (worn)
 v - a +0 buckler (worn)
 x - a +2 robe of cold resistance
 O - +0 steam dragon scales (worn)
Magical Staves
 m - a staff of earth
 t - a staff of cold
 I - a staff of death
Jewellery
 d - a +4 ring of evasion (left hand)
 g - a +4 ring of protection
 y - the ring "Zaideh" (right hand) {rC+ Dex+2}
   (You found it on level 4 of the Dungeon)

   [ring of protection from cold]

   Dex:       It affects your dexterity (+2).
   rC:        It protects you from cold.
 z - an amulet of faith
Wands
 p - a wand of iceblast (23)
 B - a wand of flame (12)
 H - a wand of paralysis (10)
 J - a wand of polymorph (12)
Scrolls
 a - a scroll of fear {unknown}
 b - a scroll of enchant armour {unknown}
 f - a scroll of acquirement {unknown}
 l - 5 scrolls of identify
 r - a scroll of fog {unknown}
 s - 2 scrolls of vulnerability
 A - 3 scrolls of magic mapping {unknown}
 E - a scroll of blinking {unknown}
 F - a scroll of teleportation {unknown}
 G - a scroll of holy word {unknown}
 K - a scroll of noise {unknown}
 L - a scroll of immolation {unknown}
 M - a scroll of amnesia {unknown}
 P - a scroll of torment {unknown}
Potions
 h - a potion of curing
 i - 4 potions of flight {unknown}
 j - 2 potions of invisibility {unknown}
 k - 4 potions of lignification
 n - 2 potions of degeneration {unknown}
 o - 2 potions of heal wounds
 u - a potion of haste {unknown}
 D - a potion of magic {unknown}
 N - a potion of attraction {unknown}


   Skills:
 + Level 6.4 Fighting
 + Level 3.5 Long Blades
 - Level 4.0 Armour
 + Level 6.1 Dodging
 - Level 1.5 Stealth
 - Level 4.0 Shields
 * Level 7.7 Spellcasting
 + Level 3.7 Invocations


You had 3 spell levels left.
You knew the following spells:

 Your Spells              Type           Power      Damage    Failure   Level
a - Magic Dart            Conj           100%       1d8       1%          1
b - Blink                 Tloc           N/A        N/A       1%          2
c - Call Imp              Summ           34%        N/A       1%          2
d - Slow                  Hex            34%        N/A       1%          2
e - Conjure Flame         Conj/Fire      34%        6-21      1%          3
f - Mephitic Cloud        Conj/Pois/Air  34%        N/A       1%          3
g - Corona                Hex            37%        N/A       1%          1
h - Wereblood             Tmut           34%        N/A       1%          2
i - Ensorcelled Hibernat  Hex/Ice        68%        N/A       1%          2
j - Ozocubu's Armour      Ice            34%        N/A       1%          3
Your spell library was empty.

Dungeon Overview and Level Annotations

Branches:
Dungeon (9/15)             Temple (1/1) D:6             Orc (2/2) D:9
   Lair: D:8-11         Elf: Orc:2

Altars:
Ashenzari
Cheibriados
Dithmenos
Elyvilon
Fedhas
Gozag
Kikubaaqudgha
Makhleb
Nemelex Xobeh
Okawaru
Qazlal
Ru
Sif Muna
Trog
Vehumet
Wu Jian
Xom
Yredelemnul
Zin

Annotations:
D:4 4 runed translucent doors
D:6 1 runed translucent door, weresquid's ghost, novice OpGl


Innate Abilities, Weirdness & Mutations

You are immune to sickness and miasma.
You are immune to poison.
Your flesh is very heat resistant. (rF++)
You are vulnerable to cold. (rC-)
You float through the air rather than walking.
You learn spells naturally, not from books.
Your magical power is your life essence.
You have superior vitality. (+4 HP)


Message History

You hit the two-headed ogre. You freeze the two-headed ogre.
The two-headed ogre is heavily wounded.
Your crimson imp blinks!
Your crimson imp hits the two-headed ogre.
Your white imp hits the two-headed ogre.
Your white imp freezes the two-headed ogre.
The two-headed ogre grins madly.
The two-headed ogre completely misses you.
The two-headed ogre barely misses you.
You strike the helpless two-headed ogre from behind!
You hit the two-headed ogre. You freeze the two-headed ogre.
The two-headed ogre is severely wounded.
The two-headed ogre seems less confused.
Your crimson imp barely misses the two-headed ogre.
Your white imp hits the two-headed ogre but does no damage.
You hit the two-headed ogre but do no damage.
The two-headed ogre is severely wounded.
The two-headed ogre misses you.
The two-headed ogre hits you with a +0 giant spiked club!!
Your crimson imp hits the two-headed ogre.
Your white imp gestures at the two-headed ogre.
The puff of frost hits the two-headed ogre!
Casting: Call Imp (safe; 1% risk of failure)
Confirm with . or Enter, or press ? or * to list all spells.
Aiming: Mephitic Cloud (safe; 1% risk of failure)
Press: ? - help, Shift-Dir - straight line, f - two-headed ogre
Aim: a two-headed ogre, wielding two +0 giant spiked clubs (almost dead, ally target, chance to affect: 53%)
The ball explodes into a vile cloud!
The stinking cloud engulfs the two-headed ogre but does no damage.
The two-headed ogre is almost dead.
The stinking cloud engulfs you but does no damage.
The stinking cloud engulfs your crimson imp but does no damage.
The stinking cloud engulfs your white imp but does no damage.
The stinking cloud engulfs your crimson imp but does no damage.
Your crimson imp blinks!
Your crimson imp hits the two-headed ogre.
The two-headed ogre is engulfed in noxious fumes.
You block the two-headed ogre's attack.
The two-headed ogre hits you with a +0 giant spiked club!!
You die...

...........##..............##
...................[........#
...#.......................##
..###...........[...........##
...#...........#)##..........#
...##...#......#<#####.......##
....##.......[.)..##..........#
....#.#.....[.[.§5§..........##
..........#.....@O5......#5..#
...........#....5.§.....##..##
.........#.###.........##...#
........#### #...).)[...##.##
.........# ##....>##.#####
......#.## #.).)[)### ##...####
###[...# ##....## ###.##
##....# ###


You could see a two-headed ogre (ally target), 2 friendly crimson imps and a
friendly white imp (summoned).

Vanquished Creatures
  Pikel (D:4)
  A cyclops (D:8)
  Prince Ribbit (D:8)
  A wyvern (D:7)
  2 yaks (D:9)
  A steam dragon (D:8)
  Grum (D:8)
  A warg (D:8)
  4 orc warriors
  An ice beast (D:7)
  2 necrophages
  2 ogres (D:5)
  A sky beast (D:6)
  A lemure (D:4)
  4 wolves (D:8)
  A centaur (D:6)
  3 bullfrogs
  3 howler monkeys (D:8)
  2 jellies
  2 centaur zombies
  A hound (D:6)
  A bullfrog skeleton (D:4)
  6 orc priests
  A gnoll shaman (D:4)
  Jessica (D:2)
  Terence (D:3)
  10 orc wizards
  3 iguanas
  A howler monkey skeleton (D:4)
  4 gnolls
  6 adders
  3 ufetubi
  4 dart slugs
  43 orcs
  3 endoplasms (D:3)
  3 giant cockroaches
  12 goblins
  6 hobgoblins
  5 quokkas
  10 ball pythons
  4 bats
  A frilled lizard (D:1)
  17 kobolds
  5 rats
186 creatures vanquished.

Vanquished Creatures (collateral kills)
  Maggie (D:9)
  A troll (D:9)
  Sigmund (D:4)
  2 yaks
  A water moccasin (D:7)
  An ice beast (D:5)
  An orc warrior (D:9)
  A centaur (D:7)
  A kobold brigand (D:7)
  2 scorpions
  2 howler monkeys (D:8)
  A water moccasin skeleton (D:4)
  2 hounds
  A centaur zombie (D:7)
  A jelly (D:3)
  An orc priest (D:8)
  2 iguanas
  An orc wizard (D:9)
  2 gnolls (D:4)
  A howler monkey skeleton (D:7)
  An ufetubus (D:5)
  10 orcs
  8 endoplasms (D:3)
  A quokka (D:4)
  2 kobolds (D:3)
48 creatures vanquished.

Vanquished Creatures (others)
  3 fungi (D:3)
  10 toadstools (D:3)
13 creatures vanquished.

Grand Total: 247 creatures vanquished

Notes
Turn   | Place    | Note
-------+----------+-------------------------------------------
     0 | D:1      | Fulminus the Djinni Hedge Wizard began the quest for the
                  | Orb.
     0 | D:1      | Reached XP level 1. HP: 15/15 MP: 0/0
   350 | D:1      | Reached XP level 2. HP: 19/22 MP: 0/0
   741 | D:1      | Reached skill level 1 in Fighting
  1184 | D:1      | Reached XP level 3. HP: 24/27 MP: 0/0
  1184 | D:1      | Learned a level 1 spell: Corona
  1470 | D:1      | Reached skill level 3 in Spellcasting
  2068 | D:2      | Found a faded altar of an unknown god.
  2157 | D:2      | Reached XP level 4. HP: 27/32 MP: 0/0
  2313 | D:2      | Noticed Jessica
  2325 | D:2      | Killed Jessica
  2619 | D:3      | Found a shadowy altar of Dithmenos.
  2652 | D:3      | Reached XP level 5. HP: 28/38 MP: 0/0
  2652 | D:3      | Learned a level 2 spell: Wereblood
  3076 | D:3      | Noticed Terence
  3086 | D:3      | Killed Terence
  3367 | D:3      | Reached skill level 4 in Spellcasting
  4146 | D:3      | Reached XP level 6. HP: 5/45 MP: 0/0
  4438 | D:4      | Noticed a necrophage
  4461 | D:4      | Killed a necrophage
  4518 | D:4      | Noticed Sigmund
  4852 | D:4      | Reached XP level 7. HP: 32/50 MP: 0/0
  4852 | D:4      | Learned a level 2 spell: Ensorcelled Hibernation
  4977 | D:4      | Found a large runed translucent door.
  4980 | D:4      | Found a large runed translucent door.
  5007 | D:4      | Noticed Pikel
  5038 | D:4      | Killed Pikel
  5039 | D:4      | Reached skill level 1 in Armour
  5039 | D:4      | Reached skill level 1 in Shields
  5039 | D:4      | Reached skill level 5 in Spellcasting
  5039 | D:4      | Reached XP level 8. HP: 38/58 MP: 0/0
  5562 | D:4      | Found a large runed translucent door.
  5562 | D:4      | Found a large runed translucent door.
  5706 | D:4      | Identified the ring "Zaideh" {rC+ Dex+2}
  6573 | D:4      | Killed Sigmund
  6815 | D:5      | Entered Level 5 of the Dungeon
  7010 | D:5      | Reached skill level 6 in Spellcasting
  7204 | D:5      | Reached XP level 9. HP: 62/63 MP: 0/0
  7204 | D:5      | Learned a level 3 spell: Ozocubu's Armour
  7988 | D:6      | Found a broken altar of Ashenzari.
  8140 | D:6      | Found a runed translucent door.
  8146 | D:6      | Noticed weresquid's ghost (novice OpGl)
  8246 | D:6      | Found a staircase to the Ecumenical Temple.
  8254 | Temple   | Entered the Ecumenical Temple
  8311 | Temple   | Became a worshipper of Makhleb the Destroyer
  8482 | D:6      | Found a white marble altar of Elyvilon.
  8673 | D:6      | Reached skill level 5 in Fighting
  8890 | D:5      | Reached skill level 1 in Long Blades
  8933 | D:7      | Found a basalt altar of Yredelemnul.
  8970 | D:7      | Reached skill level 1 in Invocations
 10421 | D:8      | Reached * piety under Makhleb
 10443 | D:8      | Noticed Grum
 10711 | D:8      | Noticed a cyclops
 10823 | D:8      | Noticed Prince Ribbit
 10831 | D:8      | Killed Prince Ribbit
 10832 | D:8      | Reached skill level 5 in Dodging
 10853 | D:8      | Killed a cyclops
 10854 | D:8      | Reached XP level 10. HP: 23/70 MP: 0/0
 11195 | D:8      | Killed Grum
 11199 | D:8      | Reached skill level 7 in Spellcasting
 12577 | D:9      | Noticed Maggie
 12603 | D:9      | Killed Maggie
 13352 | D:9      | Reached ** piety under Makhleb
 13455 | D:9      | Found an ornate altar of the Wu Jian Council.
 13580 | D:9      | Found a staircase to the Orcish Mines.
 14329 | Orc:1    | Entered Level 1 of the Orcish Mines
 15224 | Orc:2    | Entered Level 2 of the Orcish Mines
 15224 | Orc:2    | Noticed a two-headed ogre
 15299 | Orc:1    | Slain by a two-headed ogre

Illustrated notes

Levels and vault maps discovered:
D:1:      heliophobic_arrival_henge, layout_basic, kennysheep_decorative_pillar,
          kennysheep_boxes
D:2:      layout_rooms, ebering_ecumenical_altar_webs, kennysheep_doodads,
          kennysheep_jessica_study
D:3:      cheibrodos_fertilizer, layout_loops_ring, grunt_dithmenos_smoke,
          lemuel_doored_altar, uniq_terence
D:4:      layout_loops_ring, minmay_misc_feat_more_columns,
          minmay_hollow_rounded_squares, uniq_sigmund, uniq_pikel
D:5:      layout_basic
D:6:      layout_loops_cross, nicolae_ashenzari_skybound,
          mainiacjoe_overflow_small_starburst, minmay_temple_entry_sparse_star,
          ebering_ghost_reflecting_pool
D:7:      layout_basic, yredelemnul_altar_generic, chequers_mini_garden
D:8:      layout_basic, uniq_prince_ribbit1, uniq_grum
D:9:      layout_gridville, nicolae_wu_jian_immortal_techniques, erik_orc_4,
          uniq_maggie
Temple:   cyrus_circular_temple
Orc:1:    layout_diamond_mine
Orc:2:    pubby_orc_utopia

Skill      XL: |  1  2  3  4  5  6  7  8  9 10 |
---------------+-------------------------------+-----
Fighting       | 1 2 3 4 5 6 |  6.4
Spellcasting   | 3 4 5 6 7 |  7.7
Armour         | 1 2 4 |  4.0
Dodging        | 3 4 5 6 |  6.1
Shields        | 1 2 4 |  4.0
Long Blades    | 2 3 |  3.5
Invocations    | 2 3 |  3.7
Stealth        | |  1.5

Action                   |  1- 3 |  4- 6 |  7- 9 | 10-12 || total
-------------------------+-------+-------+-------+-------++-------
Melee: Mace              |     6 |     3 |       |       ||     9
       Whip              |       |    17 |    65 |   122 ||   204
 Cast: Magic Dart        |    86 |    93 |   181 |   111 ||   471
       Mephitic Cloud    |       |    10 |    31 |    42 ||    83
       Call Imp          |       |    17 |    72 |    66 ||   155
       Conjure Flame     |       |     4 |     7 |     5 ||    16
       Blink             |       |     2 |     7 |     5 ||    14
       Wereblood         |       |     2 |     1 |     1 ||     4
       Ensorcelled Hiber |       |       |     4 |     1 ||     5
Evoke: Wand              |       |       |     3 |       ||     3
  Use: Potion            |       |       |     2 |     1 ||     3
       Scroll            |       |       |       |     1 ||     1
 Stab: Sleeping          |       |     1 |     2 |       ||     3
       Distracted        |       |       |     1 |     2 ||     3
       Confused          |       |       |       |    16 ||    16
Armor: Robe              |     5 |    10 |    18 |     3 ||    36
       Skin              |       |       |     1 |       ||     1
       Steam dragon scal |       |       |       |    12 ||    12
Dodge: Dodged            |    25 |    42 |   112 |   145 ||   324
Block: Buckler           |       |       |       |    49 ||    49
